AoeStats
← Mknolix

Arena

510616576Analyzed
4v4 RM · 2d ago on Oct 1, 2026· 42m 0s· 8 players
Game mode
Random Map
Map size
Large (8 player)
Population
200
Speed
Normal
Resources
Standard
Victory
Conquest
Starting age
Dark Age
Ending age
Imperial Age
RankedLock teamsTeams togetherTeam positionsShared explorationLock speedFull tech treeHidden civsTurbo modeCheats
Victory
Defeat
🇦🇷 Portuguese · Argentina
1217
+15
🇲🇽 Bengalis · Mexico
1190
+16
🇲🇽 Bohemians · Mexico
1176
+17
🇵🇰 Lithuanians · Pakistan
1147
+18
🇫🇷 Turks · France
1334
-22
🇨🇭 Teutons · Switzerland
1258
-19
🇫🇷 Mongols · France
1164
-15
🇫🇷 Franks · France
1034
-10
miniRy
9:56 Feudal Age
10:38 Double-Bit Axe
14:59 Loom
17:17 Castle Age
15:54 Horse Collar
16:30 Forging
22:41 Bow Saw
22:45 Heavy Plow
22:55 Loom
23:14 Pikeman
28:30 Wheelbarrow
28:37 Iron Casting
29:07 Chemistry
32:03 Imperial Age
31:21 Hand Cart
32:05 Scale Mail Armor
33:17 Conscription
34:25 Fervor
34:37 Sanctity
33:47 Halberdier
35:03 Chain Mail Armor
35:52 Blast Furnace
37:56 Chain Mail Armor
38:17 Wagenburg Tactics
40:51 Squires
41:38 Plate Mail Armor
mike
0:47 Loom
10:15 Feudal Age
11:46 Fletching
17:24 Double-Bit Axe
20:59 Castle Age
20:02 Gold Mining
22:39 Wheelbarrow
22:17 Bow Saw
22:24 Padded Archer Armor
23:23 Leather Archer Armor
23:12 Horse Collar
24:54 Bodkin Arrow
29:25 Bloodlines
30:05 Husbandry
36:06 Imperial Age
34:57 Ballistics
37:16 Gold Shaft Mining
36:58 Hand Cart
36:49 Bracer
40:28 Elite Elephant Archer
42:33 Ring Archer Armor
Mknolix
11:09 Feudal Age
12:21 Loom
12:27 Double-Bit Axe
15:05 Castle Age
13:25 Horse Collar
14:28 Wheelbarrow
16:42 Bow Saw
25:40 Circumnavigation
30:38 Imperial Age
29:20 Hand Cart
29:27 Treadmill Crane
31:01 Fletching
31:12 Padded Archer Armor
32:38 Chemistry
31:44 Siege Engineers
31:54 Arquebus
32:15 Conscription
32:41 Leather Archer Armor
NSN WAJID
14:51 Feudal Age
16:14 Horse Collar
16:20 Double-Bit Axe
16:27 Gold Mining
16:28 Stone Mining
19:16 Castle Age
19:43 Wheelbarrow
24:00 Bow Saw
23:55 Heavy Plow
31:31 Scale Barding Armor
31:37 Forging
32:45 Chain Barding Armor
33:13 Hand Cart
36:53 Imperial Age
34:11 Loom
36:06 Light Cavalry
36:58 Bloodlines
36:48 Husbandry
37:28 Iron Casting
37:05 Elite Leitis
38:10 Conscription
40:44 Plate Barding Armor
41:12 Crop Rotation
41:52 Chemistry
41:12 Ballistics
41:26 Winged Hussar
AGS.Grimnel
10:39 Feudal Age
15:26 Castle Age
13:49 Double-Bit Axe
14:05 Horse Collar
17:41 Wheelbarrow
17:44 Wheelbarrow
19:39 Loom
22:12 Heavy Plow
22:44 Bow Saw
29:04 Imperial Age
27:33 Hand Cart
27:11 Town Watch
28:37 Scale Barding Armor
28:42 Forging
29:12 Bloodlines
29:25 Devotion
29:48 Chain Barding Armor
32:33 Plate Barding Armor
32:33 Iron Casting
31:19 Cavalier
33:48 Chemistry
32:58 Masonry
33:19 Ballistics
34:35 Two-Man Saw
35:43 Blast Furnace
34:34 Fletching
34:47 Scale Mail Armor
34:47 Padded Archer Armor
35:07 Paladin
36:36 Sanctity
36:50 Caravan
36:34 Man-at-Arms
36:59 Gambesons
37:15 Squires
36:37 Pikeman
39:48 Long Swordsman
40:14 Arson
41:16 Two-Handed Swordsman
AGS.Pymp K-T
10:29 Feudal Age
11:14 Double-Bit Axe
14:05 Castle Age
12:35 Double-Bit Axe
13:11 Horse Collar
14:51 Town Watch
20:49 Bow Saw
20:46 Heavy Plow
21:25 Wheelbarrow
21:45 Heavy Plow
22:54 Hand Cart
23:22 Gold Mining
27:35 Imperial Age
25:07 Loom
25:08 Town Watch
25:48 Fletching
26:41 Ballistics
31:38 Siege Engineers
33:49 Drill
32:53 Onager
35:24 Chemistry
35:12 Capped Ram
35:53 Sappers
36:30 Sappers
37:29 Bodkin Arrow
37:34 Padded Archer Armor
37:25 Sappers
37:46 Sappers
39:49 Bracer
Lydiva
13:20 Feudal Age
15:25 Double-Bit Axe
20:19 Castle Age
19:01 Forging
19:29 Gold Mining
21:28 Scale Barding Armor
22:41 Wheelbarrow
22:49 Iron Casting
22:38 Chain Barding Armor
22:46 Husbandry
24:41 Bow Saw
30:33 Imperial Age
33:15 Plate Barding Armor
34:44 Cavalier
36:20 Gold Shaft Mining
40:42 Blast Furnace
AGS.Sylvatica
10:29 Feudal Age
10:54 Loom
15:20 Castle Age
15:56 Fletching
17:25 Masonry
21:04 Horse Collar
24:04 Double-Bit Axe
27:48 Town Watch
31:19 Wheelbarrow
31:04 Bodkin Arrow
40:06 Imperial Age
41:30 Padded Archer Armor
Connection lost

Rejoining the realm…

Still unreachable

The connection could not be restored.

Session expired

The server has moved on; the page needs a fresh start.